 Dungeon Crawl Stone Soup version 0.18.1-48-g4cf74bf (webtiles) character file.

89 MistressOfTheDunes the Insei (level 4, -8/35 HPs)
             Began as a Mummy Monk on July 19, 2016.
             Engulfed by a fire crab's flame (27 damage)
             ... on level 1 of the Dungeon.
             The game lasted 00:03:41 (5664 turns).

MistressOfTheDunes the Insei (Mummy Monk)           Turns: 5664, Time: 00:03:42

Health: -8/35      AC:  1    Str: 14    XL:     4   Next: 31%
Magic:  4/4        EV: 13    Int:  9    God:
Gold:   150        SH:  0    Dex: 15    Spells: 0 memorised, 3 levels left

rFire  x . .     SeeInvis .       - Unarmed
rCold  + . .     Gourm    .     (no armour)
rNeg   + + +     Faith    .     (no shield)
rPois  ∞         Spirit   .     (no helmet)
rElec  .         Dismiss  .     (no cloak)
rCorr  .         Reflect  .     (no gloves)
SustAt .         Harm     .     c - +0 pair of boots
MR     .....     Rnd*Tele +     (no amulet)
Stlth  ++........               e - ring of teleportation (curse)
                                (no ring)

@: not resistant to hostile enchantments, unstealthy
A: no food or potions, fire vulnerability, cold resistance 1, negative energy
resistance 3, torment resistance, unbreathing
a: no special abilities


You were on level 1 of the Dungeon.
You were not hungry.

You visited 1 branch of the dungeon, and saw 2 of its levels.

You collected 150 gold pieces.


Innate Abilities, Weirdness & Mutations

You do not eat or drink.
Your flesh is vulnerable to fire.
You are immune to poison.
Your flesh is cold resistant.
You are immune to negative energy.
You are immune to unholy pain and torment.
You can survive without breathing.


   Skills:
 - Level 3.0 Fighting
 - Level 2.4 Dodging
 - Level 1.5 Stealth
 + Level 4.8 Unarmed Combat


You had 3 spell levels left.
You didn't know any spells.

Inventory:

Armour
 c - a +0 pair of boots (worn)
Jewellery
 e - a cursed ring of teleportation (right hand)
Scrolls
 a - 2 scrolls of remove curse {unknown}
 b - 2 scrolls of identify {unknown}
 d - a scroll of immolation {unknown}

Dungeon Overview and Level Annotations

Branches:
Dungeon (2/15)

Altars:

▒.▒ ▒.▒.▒▒........▒)▒.........%
▒▒▒.▒▒▒.▒.▒▒........▒.▒.▒▒▒▒▒.▒▒▒
.....▒▒.▒.▒▒........▒.▒.▒ ▒...▒
.....▒▒.▒.............▒.▒▒ ▒.▒.▒
.....▒▒.▒▒▒▒▒▒▒▒▒▒.t†....▒ ▒.▒.▒
.▒▒............▒ ▒#▒▒▒▒''▒ ▒.▒..
.▒▒▒▒▒▒......#.▒ ▒#▒ ▒..▒ ▒(▒▒▒
.▒ ▒......##▒▒▒#▒▒▒▒''▒▒▒▒.... .▒
▒......###M##▒▒......▒▒.... .▒
▒.......▒▒▒▒▒▒▒.≈#≈≈.▒▒.▒▒▒ .▒
▒.......▒ ▒.≈≈≈≈.▒▒.▒ .▒
▒.......▒ ▒......▒▒.▒ .▒
▒.......▒ ▒▒▒''▒▒▒▒.▒ .▒
▒.......▒ ▒.<▒ ▒.▒ .▒ ▒.......▒
▒▒▒▒▒▒▒▒▒.▒ .▒ ▒.......▒
▒.........▒▒▒ ▒▒
▒.......▒▒▒▒▒▒▒▒▒.▒▒▒▒▒...▒


There were no monsters in sight!


Message History

No target in view!!!
No target in view!!!
No target in view!!!
No target in view!!!
No target in view!!!
No target in view!!!
No target in view!!!
No target in view!!!
No target in view!!!
No target in view!!!
You start waiting!
Done waiting!
You start waiting!
Done waiting!
You start waiting!
Done waiting!
You start waiting!
Done waiting!
You start waiting!
Done waiting!
You start waiting!
A fire crab comes into view!
A fire crab is nearby!!!
A fire crab is nearby!!!
You see here a dagger!
The fire crab breathes flames at you! The blast of flame engulfs you!!!
The fire burns you terribly!!!
You are engulfed in roaring flames!
DANG rip

Action                   |  1- 3 |  4- 6 || total
-------------------------+-------+-------++-------
Melee: Unarmed           |   150 |    53 ||   203
       Punch             |     6 |       ||     6
 Stab: Sleeping          |     2 |       ||     2
Armor: Skin              |     2 |     3 ||     5
Dodge: Dodged            |   105 |    37 ||   142

Vault maps used:
D:1:      lightli_arrival_lavapool
D:2:      serial_corexii_hall, corexii_hall_statues_l, corexii_hall_statues_x

Notes
Turn   | Place    | Note
--------------------------------------------------------------
     0 | D:1      | MistressOfTheDunes the Mummy Monk began the quest for the Orb.
     0 | D:1      | Reached XP level 1. HP: 18/18 MP: 1/1
   460 | D:1      | Reached XP level 2. HP: 20/24 MP: 2/2
   673 | D:1      | Reached skill level 4 in Unarmed Combat
   952 | D:1      | Reached XP level 3. HP: 17/29 MP: 3/3
  2622 | D:2      | Reached XP level 4. HP: 23/35 MP: 4/4
  5662 | D:1      | Noticed a fire crab
  5664 | D:1      | Engulfed by a fire crab's flame

Vanquished Creatures
  An adder (D:2)
  3 oozes
  2 worms (D:2)
  2 dart slugs
  2 giant geckos (D:1)
  8 bats
  3 giant cockroaches (D:1)
  6 goblins
  8 hobgoblins
  3 jackals (D:2)
  A quokka (D:2)
  2 giant newts
  8 kobolds
  7 rats
56 creatures vanquished.
